 Dungeon Crawl Stone Soup version 0.24.1-8-ga250c9d538 (webtiles) character file.

Game seed: 14130709443942743996, levelgen mode: deterministic

4545 Korkiloff the Cudgeler (level 9, -3/70 HPs)
             Began as a Demigod Conjurer on Apr 30, 2020.
             Slain by a two-headed ogre
             ... wielding a +0 giant spiked club
              (31 damage)
             ... on level 8 of the Dungeon.
             The game lasted 00:40:40 (7357 turns).

Korkiloff the Cudgeler (Demigod Conjurer)           Turns: 7357, Time: 00:40:40

Health: -3/70      AC:  8    Str: 13 (16) XL:     9   Next: 97%
Magic:  13/29      EV: 14    Int: 25      God:
Gold:   369        SH:  0    Dex: 14 (16) Spells: 7/17 levels left

rFire    . . .     SeeInvis .   y - +2 flail (protect)
rCold    . . .     Gourm    .   (no shield)
rNeg     . . .     Faith    .   t - +3 leather armour
rPois    .         Spirit   .   (no helmet)
rElec    .         Reflect  .   C - +0 cloak
rCorr    .         Harm     +   o - +0 pair of gloves
MR       .....                  (no boots)
Stlth    +++.......             T - amulet of harm
HPRegen  0.21/turn              S - ring of magical power
MPRegen  0.21/turn              G - +5 ring of strength

@: very slightly contaminated
A: high mp 1, mutation resistance 1, wild magic 1
a: no special abilities


You were on level 8 of the Dungeon.
You were not hungry.

You visited 1 branch of the dungeon, and saw 9 of its levels.

You collected 369 gold pieces.

Inventory:

Hand Weapons
 b - a +0 short sword
 m - a cursed +3 scimitar
 y - a +2 flail of protection (weapon)
 B - a +0 vampiric whip
 I - a +0 hand axe of flaming
 K - a -1 war axe
 M - a cursed +5 short sword
 N - a +3 halberd
 P - a +0 war axe of electrocution
 R - a +1 dagger of speed
Missiles
 e - 88 poisoned darts
 h - 99 arrows
 j - 5 javelins (quivered)
 u - 6 boomerangs
Armour
 a - a +0 robe
 o - a +0 pair of gloves (worn)
 t - a +3 leather armour (worn)
 C - a +0 cloak (worn)
Jewellery
 i - an uncursed amulet of the gourmand
 k - an uncursed ring of protection from magic
 F - an uncursed amulet of guardian spirit
 G - a +5 ring of strength (right hand)
 Q - an uncursed ring of fire
 S - a ring of magical power (left hand)
 T - an amulet of harm (around neck)
 W - a cursed -2 ring of intelligence {unknown}
Wands
 z - a wand of paralysis (9)
 H - a wand of flame (16)
 O - a wand of enslavement (10)
Scrolls
 d - 7 scrolls of identify
 g - 4 scrolls of teleportation
 n - 3 scrolls of fog
 p - a scroll of amnesia {unknown}
 r - a scroll of enchant weapon {unknown}
 s - 6 scrolls of remove curse
 v - a scroll of immolation {unknown}
 x - a scroll of random uselessness {unknown}
 D - a scroll of blinking {unknown}
 L - a scroll of enchant armour {unknown}
 U - a scroll of vulnerability {unknown}
Potions
 f - 4 potions of invisibility
 l - a potion of flight
 q - a potion of might
 w - a potion of ambrosia
 A - 2 potions of lignification
 E - a potion of heal wounds
 J - 4 potions of haste
 V - a potion of degeneration
Comestibles
 c - 6 rations
 X - a chunk of flesh


   Skills:
 + Level 3.5 Fighting
 + Level 1.2 Short Blades
 + Level 6.6 Maces & Flails
 + Level 2.2 Throwing
 + Level 3.5 Armour
 + Level 4.7 Dodging
 + Level 4.7 Stealth
 + Level 4.9 Spellcasting
 + Level 6.5 Conjurations
 + Level 2.9 Hexes


You had 7 spell levels left.
You knew the following spells:

 Your Spells              Type           Power        Failure   Level  Hunger
a - Magic Dart            Conj           ####         1%          1    None
b - Searing Ray           Conj           ######       2%          2    None
c - Dazzling Spray        Conj/Hex       #####.       7%          3    ##.....
d - Iskenderun's Mystic   Conj           ######..     11%         4    ####...

Your spell library contained the following spells:

 Spells                   Type           Power        Failure   Level  Hunger
 Fulminant Prism          Conj/Hex       #####.....   21%         4    ####...
 Passwall                 Tmut/Erth      #.......     22%         2    None
 Swiftness                Chrm/Air       #.......     22%         2    None
 Force Lance              Conj/Tloc      ####....     34%         4    ####...
 Passage of Golubria      Tloc           N/A          78%         4    ####...
 Lee's Rapid Deconstruct  Erth           #.........   98%         5    #####..
 Darkness                 Hex            ####......   99%         6    #######
 Invisibility             Hex            ####....     99%         6    #######


Dungeon Overview and Level Annotations

Branches:
Dungeon (9/15)             Temple (0/1) D:7
   Lair: D:8-11         Orc: D:9-12

Annotations:
D:8 exclusion: oklob sapling


Innate Abilities, Weirdness & Mutations

You have an increased reservoir of magic. (+10% MP)
You are somewhat resistant to further mutation.
Your spells are a little harder to cast, but a little more powerful.


Message History

The orc completely misses you. The orc hits you with a +0 mace.
The centaur zombie hits you but does no damage.
You climb upwards.
Level annotation: exclusion: oklob sapling
There is a stone staircase leading down here.
Unknown command.
The two-headed ogre hits you with a +0 giant spiked club!
The two-headed ogre closely misses you.
Casting: Iskenderun's Mystic Blast (safe; 11% risk of failure)
Confirm with . or Enter, or press ? or * to list all spells.
Aiming: Searing Ray (safe; 2% risk of failure)
Press: ? - help, Shift-Dir - straight line, f - two-headed ogre
Aim: a two-headed ogre, wielding a +0 giant spiked club and a +0 giant club (moderately wounded)
The searing ray hits the orc.
You kill the orc! (Press . to maintain the ray.)
The searing ray hits the two-headed ogre.
The two-headed ogre is heavily wounded.
The two-headed ogre hits you with a +0 giant spiked club!!
You die...

...........##..♣≈♣♣♣♣♣♣P≈♣
#.# ............#..♣P♣ ≈≈♣
#.# .......##......♣♣S
≈≈≈♣ #.# .......##......♣
♣_ ≈P≈≈♣#.#
.......###.....♣ P♣
≈≈≈P♣♣.#
.......###.....♣♣♣ ≈
≈≈≈P≈♣.#
..##...........#.♣ ≈≈ ♣.#
..........#....#.♣ ♣≈≈ ♣.#
...............#@♣≈♣♣ ♣.#
.............>oO♣♣≈≈#+ ♣.#
...............#♣≈≈≈.. ♣.#
...............#≈≈≈≈.. ♣.#
...............#≈≈≈≈.. ♣.#
...............P≈≈≈≈..
♣♣.#
............#[.≈≈≈♣...
♣..# .......<.......≈♣♣♣
♣### ..............♣♣♣


You could see a two-headed ogre and an orc.

Vanquished Creatures
  A two-headed ogre (D:7)
  Prince Ribbit (D:6)
  A hippogriff (D:8)
  Sigmund (D:2)
  A hungry ghost (D:6)
  Menkaure (D:6)
  A water moccasin (D:8)
  2 sky beasts
  A black bear (D:8)
  3 orc warriors
  2 phantoms (D:7)
  2 ogres
  2 centaurs
  2 big kobolds (D:8)
  3 bullfrogs
  2 scorpions
  8 wights
  A howler monkey (D:4)
  7 crimson imps
  2 hounds (D:5)
  A bullfrog zombie (D:5)
  A centaur skeleton (D:6)
  A jelly (D:5)
  4 orc priests
  5 orc wizards
  Jessica (D:2)
  Natasha (twice) (D:4)
  An iguana (D:8)
  8 worker ants
  A hound skeleton (D:3)
  A gnoll (D:3)
  9 adders
  A shadow imp (D:7)
  2 adder skeletons
  An adder zombie (D:7)
  A worm (D:2)
  A dart slug (D:2)
  4 leopard geckos
  34 orcs
  7 ball pythons
  2 giant cockroaches
  3 goblins (D:2)
  9 hobgoblins
  15 jackals
  15 kobolds
  3 quokkas
  14 bats
  7 frilled lizards
  A quokka skeleton (D:4)
  6 rats
205 creatures vanquished.

Vanquished Creatures (others)
  2 plants (D:8)
2 creatures vanquished.

Grand Total: 207 creatures vanquished

Notes
Turn   | Place    | Note
-------+----------+-------------------------------------------
     0 | D:1      | Korkiloff the Demigod Conjurer began the quest for the Orb.
     0 | D:1      | Reached XP level 1. HP: 14/14 MP: 5/5
   273 | D:1      | Reached XP level 2. HP: 8/20 MP: 0/7
   277 | D:1      | Learned a level 2 spell: Searing Ray
   908 | D:2      | Reached XP level 3. HP: 13/26 MP: 2/8
   999 | D:2      | Noticed Jessica
  1012 | D:2      | Killed Jessica
  1192 | D:2      | Noticed Sigmund
  1224 | D:2      | Killed Sigmund
  1224 | D:2      | Reached skill level 1 in Short Blades
  1224 | D:2      | Reached XP level 4. HP: 13/34 MP: 1/10
  1224 | D:2      | Reached XP level 5. HP: 15/39 MP: 1/11
  1231 | D:2      | Learned a level 3 spell: Dazzling Spray
  1636 | D:3      | Found an iron altar of Okawaru.
  1647 | D:3      | Found a burning altar of Makhleb.
  1659 | D:3      | Found a faded altar of an unknown god.
  1935 | D:3      | HP: 1/39 [orc priest/+0 flail (12)]
  2057 | D:3      | Found a sacrificial altar of Ru.
  2194 | D:3      | Reached XP level 6. HP: 25/46 MP: 8/13
  2517 | D:3      | Reached skill level 5 in Conjurations
  2713 | D:4      | Reached skill level 1 in Fighting
  2720 | D:4      | Reached skill level 1 in Armour
  2781 | D:4      | Reached skill level 1 in Maces & Flails
  2798 | D:4      | Noticed Natasha
  2837 | D:4      | Killed Natasha
  2847 | D:4      | Found a shadowy altar of Dithmenos.
  2953 | D:4      | HP: 2/47 [poisoned by a worker ant]
  3029 | D:4      | Noticed Natasha
  3033 | D:5      | Entered Level 5 of the Dungeon
  3260 | D:5      | Reached skill level 1 in Throwing
  3260 | D:5      | Reached XP level 7. HP: 52/52 MP: 10/14
  3552 | D:4      | Noticed a +0 hand axe
  3553 | D:4      | Found a hide-covered altar of Uskayaw.
  3553 | D:4      | Noticed a +0 hand axe
  3695 | D:4      | Gained mutation: Your spells are a little harder to cast,
                  | but a little more powerful. [potion of mutation]
  3695 | D:4      | Gained mutation: You are somewhat resistant to further
                  | mutation. [potion of mutation]
  3707 | D:4      | Reached skill level 1 in Hexes
  3774 | D:4      | Killed Natasha
  3980 | D:4      | Found a snail-covered altar of Cheibriados.
  4134 | D:4      | Found a shimmering blue altar of Sif Muna.
  4375 | D:5      | Found a white marble altar of Elyvilon.
  4376 | D:5      | Found an ornate altar of the Wu Jian Council.
  4379 | D:5      | Found a stormy altar of Qazlal.
  4558 | D:5      | Reached XP level 8. HP: 56/59 MP: 15/17
  4600 | D:6      | Noticed Prince Ribbit
  5124 | D:6      | Found a glowing golden altar of the Shining One.
  5133 | D:6      | Found a basalt altar of Yredelemnul.
  5309 | D:6      | Killed Prince Ribbit
  5416 | D:6      | Noticed an angel
  5676 | D:7      | Noticed Menkaure
  5688 | D:6      | Killed Menkaure
  5698 | D:7      | Found a radiant altar of Vehumet.
  5704 | D:7      | Reached XP level 9. HP: 46/68 MP: 7/19
  5771 | D:7      | Found a staircase to the Ecumenical Temple.
  5834 | D:7      | Found a sparkling altar of Nemelex Xobeh.
  5943 | D:7      | Reached skill level 5 in Maces & Flails
  6007 | D:7      | Noticed a two-headed ogre
  6162 | D:7      | Killed a two-headed ogre
  6206 | D:7      | Found a sparkling altar of Nemelex Xobeh.
  6368 | D:7      | Found a blossoming altar of Fedhas.
  6942 | D:8      | Learned a level 4 spell: Iskenderun's Mystic Blast
  7080 | D:8      | Found a blossoming altar of Fedhas.
  7335 | D:9      | Noticed a two-headed ogre
  7357 | D:8      | Slain by a two-headed ogre

Levels and vault maps discovered:
D:1:      matt_arrival_refuge, layout_rooms
D:2:      layout_loops_corners, uniq_sigmund, uniq_jessica
D:3:      minmay_octagon_keep, layout_basic, old_standard_altar,
          okawaru_gym_becter, chequers_ecumenical_altar_simple,
          grunt_ministairs_10, minmay_misc_feat_tiny, roderic_roman_lattice,
          bloody_makhleb
D:4:      layout_loops_ring, cheibriados_altar_1, led_sif_book,
          dancing_weapons_uskayaw, grunt_dithmenos_smoke, first_ration,
          uniq_natasha
D:5:      layout_rooms, minitemple
D:6:      layout_basic, grunt_temple_overflow_holy_war, uniq_prince_ribbit1
D:7:      layout_loops_ring, overflow_temple_1_default,
          fedhas_bush_and_centaur_altar, vehumet_crystals,
          minmay_temple_entry_from_below_a, nemelex_xobeh_ov_fountains_minmay,
          uniq_menkaure
D:8:      minmay_klotski, layout_basic, introduction_to_nature_2
D:9:      layout_cave_pools, nicolae_overflow_crystal_walls, david_orc_5,
          serial_shops, shop

Skill      XL: |  1  2  3  4  5  6  7  8  9 |
---------------+----------------------------+-----
Conjurations   | 4 5 6 |  6.5
Stealth        | 2 3 4 |  4.7
Dodging        | 2 3 4 |  4.7
Spellcasting   | 2 3 4 |  4.9
Short Blades   | 1 |  1.2
Fighting       | 1 2 3 |  3.5
Armour         | 1 2 3 |  3.5
Maces & Flails | 1 2 4 6 |  6.6
Throwing       | 1 2 |  2.2
Hexes          | 1 2 |  2.9

Action                   |  1- 3 |  4- 6 |  7- 9 || total
-------------------------+-------+-------+-------++-------
Melee: Short sword       |    50 |    48 |       ||    98
       Flail             |       |    77 |   263 ||   340
Throw: Javelin           |     5 |     6 |    14 ||    25
       Dart              |       |       |     1 ||     1
 Cast: Magic Dart        |    38 |    35 |    50 ||   123
       Searing Ray       |     6 |     7 |    24 ||    37
       Dazzling Spray    |       |    17 |    42 ||    59
       Iskenderun's Myst |       |       |     7 ||     7
  Use: Potion            |       |     2 |     8 ||    10
       Scroll            |       |       |     4 ||     4
 Stab: Sleeping          |     4 |     3 |     6 ||    13
       Invisible         |       |     5 |     3 ||     8
  Eat: Chunk             |    17 |     7 |    14 ||    38
Armor: Robe              |    11 |     2 |       ||    13
       Leather armour    |       |    42 |   132 ||   174
       Skin              |       |       |     4 ||     4
Dodge: Dodged            |    44 |   101 |   253 ||   398
